 Dungeon Crawl Stone Soup version 0.17-a0-377-gdd46233 (webtiles) character file.

820 McCoppin the Covert (level 7, -7/45 HPs)
             Began as an Octopode Assassin on Apr 1, 2015.
             Was an Initiate of Okawaru.
             Mangled by BLOAX's ghost (12 damage)
             ... on level 5 of the Dungeon.
             The game lasted 00:22:53 (5503 turns).

McCoppin the Covert (Octopode Assassin)             Turns: 5503, Time: 00:22:53

Health: -7/45      AC:  1    Str: 10    XL:     7   Next: 95%
Magic:  16/16      EV: 12    Int: 14    God:    Okawaru [......]
Gold:   171        SH:  0    Dex: 15    Spells: 0 memorised, 6 levels left

rFire  . . .     SeeInvis .     j - -1 short sword (curse)
rCold  . . .     Clarity  .     (no shield)
rNeg   . . .     SustAb   .     (helmet restricted)
rPois  .         Gourm    .     (no amulet)
rElec  .         Spirit   .     h - ring of magical power
rCorr  .         Warding  .     o - ring of flight
rMut   .         Stasis   .     c - ring of wizardry
MR     .....                    (no ring)
Stlth  ++++++....               (no ring)
                                (no ring)
                                (no ring)
                                (no ring)

@: lethally poisoned (-7 -> -8), not resistant to hostile enchantments, very
stealthy
A: almost no armour, amphibious, 8 rings, constrict 8, camouflage 1, gelatinous
body 1
a: Renounce Religion, Evoke Flight


You were on level 5 of the Dungeon.
You worshipped Okawaru.
Okawaru was noncommittal.
You were not hungry.

You visited 2 branches of the dungeon, and saw 6 of its levels.

You collected 171 gold pieces.

Inventory:

Hand weapons
 a - a +3 dagger of venom
 b - a +0 blowgun
 j - a cursed -1 short sword (weapon)
 p - a +2 dagger
 s - a +0 short sword of holy wrath
Missiles
 e - 19 poisoned needles
 f - 2 curare-tipped needles
Jewellery
 c - a ring of wizardry (on tentacle)
 h - a ring of magical power (left tentacle)
 o - a ring of flight (right tentacle)
Magical devices
 n - a wand of magic darts (3)
Scrolls
 d - 2 scrolls of enchant armour
 i - 5 scrolls of identify
 m - a scroll of magic mapping
Potions
 k - 2 potions of poison
Comestibles
 g - 2 bread rations
 l - 3 fruits
 t - a royal jelly


   Skills:
 - Level 2.0 Fighting
 * Level 5.3 Short Blades
 - Level 2.0 Throwing
 - Level 1.0 Dodging
 + Level 11.1 Stealth


You had 6 spell levels left.
You didn't know any spells.

Dungeon Overview and Level Annotations

Branches:
Dungeon (5/15)             Temple (1/1) D:5

Altars:
Ashenzari
Cheibriados
Dithmenos
Elyvilon
Fedhas
Gozag
Kikubaaqudgha
Makhleb
Nemelex Xobeh
Okawaru
Qazlal
Ru
Trog
Vehumet
Xom
Yredelemnul
Zin
The Shining One

Shops:
D:4 (   D:5 :%:[

Annotations:
D:3 Baka's ghost, average NaFi
D:4 Baka's ghost, average NaFi
D:5 BLOAX's ghost, average MiTm


Innate Abilities, Weirdness & Mutations

You cannot wear most types of armour.
You are amphibious.
You can wear up to eight rings at the same time.
You can use your tentacles to constrict eight enemies at once.
Your skin changes colour to match your surroundings (Stealth).
Your rubbery body absorbs attacks (AC +1).


Message History

BLOAX's ghost barely misses you.
You hit BLOAX's ghost but do no damage. BLOAX's ghost hits you!
BLOAX's ghost whispers, "There is no future for you."
An adder comes into view.
You miss the adder. Your grab misses the adder. Your squeeze misses the adder.
The adder bites you.
Drink which item? (? for menu, Esc to quit)
Okay, then.
Drink which item? (? for menu, Esc to quit)
It was a potion of curing.
You feel better. The adder closely misses you. BLOAX's ghost hits you!
The adder bites you.
You are poisoned.
The adder poisons you!
Drink which item? (? for menu, Esc to quit)
It was a potion of restore abilities.
You feel refreshed.
You feel sick. BLOAX's ghost hits you!
* * * LOW HITPOINT WARNING * * *
The adder misses you.
You hit BLOAX's ghost but do no damage. BLOAX's ghost hits you!
You die...

......*,* .####,*,*
##***,*,* ,,..*,*,*
,...,,,,* ..#.*'#.#
........#
,,*,,...###########
,,*,,...#......W@.#
#+###..##.#######S#
....#...#.# #.#
⌠.⌠.#.....# ####.#
.>..'.....####.[..#
⌠.⌠.##.#..#.......#
....#.>#..#.P.....#
#'###..#..#.P∩..#.##
..##.#.÷....P.P....#


You could see BLOAX's ghost and an adder.

Vanquished Creatures
  An ice beast (D:5)
  A sky beast (D:5)
  A phantom (D:4)
  An ogre (D:4)
  A scorpion (D:4)
  A goliath beetle (D:4)
  An orc wizard (D:5)
  A giant frog skeleton (D:5)
  An orc priest (D:3)
  Jessica (D:3)
  Terence (D:3)
  Robin (D:4)
  8 adders
  A giant mite (D:2)
  2 worms
  An adder skeleton (D:4)
  A giant gecko (D:2)
  An ooze (D:1)
  15 orcs
  2 ball pythons
  10 bats
  2 bat skeletons (D:4)
  3 giant cockroaches
  14 hobgoblins
  3 jackals (D:2)
  13 kobolds
  3 quokkas
  A giant gecko skeleton (D:3)
  4 giant newts
  18 goblins
  A quokka zombie (D:5)
  9 rats
124 creatures vanquished.

Notes
Turn   | Place    | Note
--------------------------------------------------------------
     0 | D:1      | McCoppin, the Octopode Assassin, began the quest for the Orb.
     0 | D:1      | Reached XP level 1. HP: 14/14 MP: 1/1
   134 | D:1      | Reached XP level 2. HP: 4/19 MP: 2/2
   136 | D:1      | Reached skill level 6 in Stealth
   678 | D:1      | Reached XP level 3. HP: 24/24 MP: 3/3
  1036 | D:1      | Reached skill level 7 in Stealth
  1052 | D:2      | Found an opulent altar of Gozag.
  1108 | D:2      | Found a sparkling altar of Nemelex Xobeh.
  1624 | D:2      | Reached XP level 4. HP: 29/29 MP: 4/4
  1661 | D:2      | Found a burning altar of Makhleb.
  1661 | D:2      | Found a blossoming altar of Fedhas.
  1722 | D:2      | Found a glowing silver altar of Zin.
  1727 | D:2      | Found a sacrificial altar of Ru.
  1795 | D:3      | Noticed Terence
  1795 | D:3      | Noticed Baka's ghost (average NaFi)
  1806 | D:2      | Reached skill level 8 in Stealth
  1836 | D:2      | You fall through a shaft!
  1916 | D:3      | Killed Terence
  2199 | D:3      | Reached XP level 5. HP: 30/34 MP: 5/5
  2248 | D:3      | Noticed Jessica
  2269 | D:3      | Killed Jessica
  2391 | D:3      | Reached skill level 9 in Stealth
  2399 | D:3      | Noticed a phantom
  3415 | D:4      | Noticed Baka's ghost (average NaFi)
  3426 | D:4      | Noticed a phantom
  3437 | D:4      | Found Zyituor's Antique Weapon Shoppe.
  3501 | D:4      | Noticed an ogre
  3525 | D:4      | Killed an ogre
  3525 | D:4      | Reached skill level 10 in Stealth
  3525 | D:4      | Reached XP level 6. HP: 33/39 MP: 6/6
  3654 | D:4      | Noticed Robin
  3671 | D:4      | Killed Robin
  3785 | D:4      | Found an ancient bone altar of Kikubaaqudgha.
  3962 | D:4      | Killed a phantom
  3962 | D:4      | Reached XP level 7. HP: 15/45 MP: 7/7
  4544 | D:5      | Entered Level 5 of the Dungeon
  4662 | D:5      | Found Yluj's Food Shoppe.
  4686 | D:5      | Found Soxeda's Book Boutique.
  4926 | D:5      | Noticed BLOAX's ghost (average MiTm)
  4936 | D:5      | Found Sakeink's Book Emporium.
  5068 | D:5      | Found a staircase to the Ecumenical Temple.
  5075 | Temple   | Entered the Ecumenical Temple
  5138 | Temple   | Became a worshipper of Warmaster Okawaru
  5168 | D:5      | Found Luib's Antique Armour Shop.
  5184 | D:5      | Reached skill level 5 in Short Blades
  5184 | D:5      | Reached skill level 11 in Stealth
  5503 | D:5      | Mangled by BLOAX's ghost

Action                   |  1- 3 |  4- 6 |  7- 9 || total
-------------------------+-------+-------+-------++-------
Melee: Dagger            |    86 |   117 |    83 ||   286
       Short sword       |       |       |     8 ||     8
 Fire: Blowgun           |       |    19 |     8 ||    27
  Use: Scroll            |     2 |     2 |     3 ||     7
       Potion            |       |     1 |     6 ||     7
 Stab: Sleeping          |    14 |     8 |    11 ||    33
       Distracted        |     2 |     2 |       ||     4
  Eat: Chunk             |     2 |     2 |       ||     4
       Meat ration       |       |     1 |       ||     1
       Bread ration      |       |       |     1 ||     1
       Beef jerky        |       |       |     1 ||     1
